 Dungeon Crawl Stone Soup version 0.23-a0-183-gf37f6fb109 (webtiles) character file.

140 Ablot the Charmwright (level 5, -11/43 HPs)
             Began as a Gnoll Skald on Sept 22, 2018.
             Mangled by an ogre
             ... wielding a +0 giant club
              (29 damage)
             ... on level 4 of the Dungeon.
             The game lasted 00:04:04 (2659 turns).

Ablot the Charmwright (Gnoll Skald)                 Turns: 2659, Time: 00:04:05

Health: -11/43     AC:  3    Str: 14    XL:     5   Next: 22%
Magic:  9/12       EV: 14    Int: 15    God:
Gold:   136        SH:  0    Dex: 15    Spells: 3/14 levels left

rFire    . . .     SeeInvis .   s - +1 dagger (drain)
rCold    . . .     Gourm    .   (no shield)
rNeg     . . .     Faith    .   b - +0 leather armour
rPois    .         Spirit   .   (no helmet)
rElec    .         Reflect  .   (no cloak)
rCorr    +         Harm     .   (no gloves)
MR       .....                  (no boots)
Stlth    ++........             (no amulet)
HPRegen  0.14/turn              i - ring of resist corrosion
MPRegen  0.13/turn              (no ring)

@: shrouded
A: distributed training, fangs 1, strong nose
a: no special abilities


You were on level 4 of the Dungeon.
You were not hungry.

You visited 1 branch of the dungeon, and saw 4 of its levels.

You collected 136 gold pieces.

Inventory:

Hand Weapons
 a - a +0 trident
 q - a +0 hand crossbow
 s - a +1 dagger of draining (weapon)
 t - a +2 vampiric short sword
Missiles
 c - 69 sling bullets
 e - 23 arrows
 g - 74 stones (quivered)
 l - 15 bolts
 m - 18 poisoned needles
Armour
 b - a +0 leather armour (worn)
Jewellery
 i - a ring of resist corrosion (left hand)
Scrolls
 f - a scroll of remove curse {unknown}
 h - 4 scrolls of teleportation {unknown}
 j - 2 scrolls of enchant armour {unknown}
 n - 2 scrolls of amnesia {unknown}
 o - a scroll of immolation {unknown}
 r - a scroll of fear {unknown}
Potions
 k - a potion of haste {unknown}
 p - a potion of resistance {unknown}
Comestibles
 d - 10 rations


   Skills:
 + Level 4.7 Fighting
 + Level 1.4 Short Blades
 + Level 1.4 Long Blades
 + Level 1.4 Axes
 + Level 1.4 Maces & Flails
 + Level 4.7 Polearms
 + Level 1.4 Staves
 + Level 1.4 Slings
 + Level 1.4 Bows
 + Level 1.4 Crossbows
 + Level 1.4 Throwing
 + Level 2.9 Armour
 + Level 4.7 Dodging
 + Level 1.4 Stealth
 + Level 1.4 Shields
 + Level 1.4 Unarmed Combat
 + Level 5.1 Spellcasting
 + Level 1.1 Conjurations
 + Level 1.1 Hexes
 + Level 5.5 Charms
 + Level 1.1 Summonings
 + Level 1.1 Necromancy
 + Level 1.1 Translocations
 + Level 1.1 Transmutations
 + Level 1.1 Fire Magic
 + Level 1.1 Ice Magic
 + Level 1.1 Air Magic
 + Level 1.1 Earth Magic
 + Level 1.1 Poison Magic
 + Level 1.5 Invocations
 + Level 1.4 Evocations


You had 3 spell levels left.
You knew the following spells:

 Your Spells              Type           Power        Failure   Level  Hunger
a - Infusion              Chrm           ###.         1%          1    None
b - Song of Slaying       Chrm           ###.....     3%          2    ##.....
c - Shroud of Golubria    Chrm/Tloc      ##........   8%          2    ##.....
d - Regeneration          Chrm/Necr      ##........   16%         3    ###....
e - Spectral Weapon       Hex/Chrm       ##......     16%         3    ###....

Your spell library contained the following spells:

 Spells                   Type           Power        Failure   Level  Hunger


Dungeon Overview and Level Annotations

Branches:
Dungeon (4/15)
 Temple: D:4-7

Altars:
Fedhas
Gozag
Trog
Uskayaw
Xom


Innate Abilities, Weirdness & Mutations

Your experience applies equally to all skills.
You have very sharp teeth.
Your uncanny sense of smell can sniff out nearby items.


Message History

The ogre hits you with a giant club!!
You hit the ogre but do no damage.
The ogre is heavily wounded.
Unknown command.
You hit the ogre but do no damage. You bite the ogre.
The ogre is heavily wounded.
The ogre misses you.
You closely miss the ogre.
The ogre is heavily wounded.
The ogre closely misses you.
You barely miss the ogre.
The ogre is heavily wounded.
The ogre closely misses you.
You hit the ogre.
The ogre is severely wounded.
You barely miss the ogre.
The ogre is severely wounded.
The ogre hits you with a giant club!!
Ouch! That really hurt!
You die...

#........#.....#
+........#.....# .
#........'.....#
$.#+###........#'#####
...............#.....#
...............#.....#
...............#.....#
...............#.....#
......O@.......#######
#########+###.........
#......... #.........
#......... #.........
##########


You could see an ogre.

Vanquished Creatures
  Jessica (D:2)
  A bullfrog skeleton (D:2)
  A gnoll (D:1)
  An adder (D:2)
  An ooze (D:2)
  A worm (D:2)
  A dart slug (D:1)
  3 leopard geckos
  2 orcs
  5 giant cockroaches
  7 goblins
  2 hobgoblins
  4 jackals (D:1)
  10 kobolds
  A quokka (D:2)
  5 bats
  4 frilled lizards
  4 rats
54 creatures vanquished.

Vanquished Creatures (others)
  A spectral weapon (D:4)
1 creature vanquished.

Grand Total: 55 creatures vanquished

Notes
Turn   | Place    | Note
-------+----------+-------------------------------------------
     0 | D:1      | Ablot the Gnoll Skald began the quest for the Orb.
     0 | D:1      | Reached XP level 1. HP: 20/20 MP: 6/6
    70 | D:1      | Reached XP level 2. HP: 26/26 MP: 7/7
    74 | D:1      | Learned a level 2 spell: Song of Slaying
    77 | D:1      | Learned a level 2 spell: Shroud of Golubria
   402 | D:1      | Reached XP level 3. HP: 31/31 MP: 9/9
   416 | D:1      | Reached skill level 5 in Spellcasting
   653 | D:1      | Reached skill level 1 in Invocations
   694 | D:2      | Learned a level 3 spell: Regeneration
   747 | D:2      | Learned a level 3 spell: Spectral Weapon
   766 | D:2      | Reached skill level 1 in Short Blades
   766 | D:2      | Reached skill level 1 in Long Blades
   766 | D:2      | Reached skill level 1 in Axes
   766 | D:2      | Reached skill level 1 in Maces & Flails
   766 | D:2      | Reached skill level 1 in Staves
   766 | D:2      | Reached skill level 1 in Slings
   766 | D:2      | Reached skill level 1 in Bows
   766 | D:2      | Reached skill level 1 in Crossbows
   766 | D:2      | Reached skill level 1 in Throwing
   766 | D:2      | Reached skill level 1 in Stealth
   766 | D:2      | Reached skill level 1 in Shields
   766 | D:2      | Reached skill level 1 in Unarmed Combat
   766 | D:2      | Reached skill level 1 in Evocations
   806 | D:2      | Reached XP level 4. HP: 29/38 MP: 11/11
  1012 | D:2      | Noticed Jessica
  1016 | D:2      | Killed Jessica
  1016 | D:2      | Reached skill level 1 in Conjurations
  1016 | D:2      | Reached skill level 1 in Hexes
  1016 | D:2      | Reached skill level 1 in Summonings
  1016 | D:2      | Reached skill level 1 in Necromancy
  1016 | D:2      | Reached skill level 1 in Translocations
  1016 | D:2      | Reached skill level 1 in Transmutations
  1016 | D:2      | Reached skill level 1 in Fire Magic
  1016 | D:2      | Reached skill level 1 in Ice Magic
  1016 | D:2      | Reached skill level 1 in Air Magic
  1016 | D:2      | Reached skill level 1 in Earth Magic
  1016 | D:2      | Reached skill level 1 in Poison Magic
  1016 | D:2      | Reached XP level 5. HP: 43/43 MP: 6/12
  1248 | D:2      | Found a bloodstained altar of Trog.
  1874 | D:3      | Found a blossoming altar of Fedhas.
  2061 | D:3      | Noticed a dagger
  2062 | D:3      | Found a hide-covered altar of Uskayaw.
  2063 | D:3      | Noticed a hand axe
  2295 | D:3      | Found a shimmering altar of Xom.
  2295 | D:3      | Found an opulent altar of Gozag.
  2637 | D:4      | Noticed an ogre
  2659 | D:4      | Mangled by an ogre

Vault maps used:
D:1:      lemuel_arrival_room
D:2:      marbit_many_paths, serial_forest, infiniplex_forest_fountain,
          infiniplex_forest_lined_corner, infiniplex_forest_clump_medium,
          infiniplex_forest_end_3, infiniplex_forest_clump_small, first_ration,
          uniq_jessica
D:3:      dancing_weapons_uskayaw, fedhas_altar_3,
          gammafunk_temple_overflow_wave
D:4:      uniq_natasha, uniq_pikel

Skill      XL: |  1  2  3  4 |
---------------+-------------+-----
Spellcasting   | 5 |  5.1
Invocations    | 1 |  1.5
Short Blades   | 1 |  1.4
Long Blades    | 1 |  1.4
Axes           | 1 |  1.4
Maces & Flails | 1 |  1.4
Staves         | 1 |  1.4
Slings         | 1 |  1.4
Bows           | 1 |  1.4
Crossbows      | 1 |  1.4
Throwing       | 1 |  1.4
Stealth        | 1 |  1.4
Shields        | 1 |  1.4
Unarmed Combat | 1 |  1.4
Evocations     | 1 |  1.4
Conjurations   | 1 |  1.1
Hexes          | 1 |  1.1
Summonings     | 1 |  1.1
Necromancy     | 1 |  1.1
Translocations | 1 |  1.1
Transmutations | 1 |  1.1
Fire Magic     | 1 |  1.1
Ice Magic      | 1 |  1.1
Air Magic      | 1 |  1.1
Earth Magic    | 1 |  1.1
Poison Magic   | 1 |  1.1
Fighting       | |  4.7
Polearms       | |  4.7
Armour         | |  2.9
Dodging        | |  4.7
Charms         | |  5.5

Action                   |  1- 3 |  4- 6 || total
-------------------------+-------+-------++-------
Melee: Spear             |   120 |    34 ||   154
       Bite              |     8 |    10 ||    18
       Dagger            |       |    51 ||    51
 Cast: Shroud of Golubri |     2 |     2 ||     4
       Infusion          |     1 |     1 ||     2
       Song of Slaying   |     1 |       ||     1
       Regeneration      |       |     1 ||     1
       Spectral Weapon   |       |     1 ||     1
 Stab: Sleeping          |     1 |     7 ||     8
  Eat: Chunk             |       |     6 ||     6
Armor: Leather armour    |    17 |    12 ||    29
Dodge: Dodged            |    62 |    41 ||   103

Table legend:
 A = Non-vault XP
 B = Vault XP
 C = Vault XP percentage of total XP
 D = Non-vault monster count
 E = Vault monster count
 F = Vault count percentage of total count
                 A         B        C        D         E       F
            +---------+---------+-------+---------+---------+-------
      Total |     162 |      38 |  19.0 |      52 |       2 |   3.7
            +---------+---------+-------+---------+---------+-------
        D:1 |      58 |       0 |   0.0 |      26 |       0 |   0.0
        D:2 |      90 |      38 |  29.7 |      19 |       2 |   9.5
        D:3 |      11 |       0 |   0.0 |       6 |       0 |   0.0
        D:4 |       3 |       0 |   0.0 |       1 |       0 |   0.0
            +---------+---------+-------+---------+---------+-------
